 Dungeon Crawl Stone Soup version 0.25-a0-429-g4e4398398a (webtiles) character file.

Game seed: 7105555554138886549, levelgen mode: deterministic

13 Esekla the Ducker (level 2, 0/25 HPs)
             Began as a Ghoul Gladiator on Jan 25, 2020.
             Slain by a ball python (1 damage)
             ... on level 2 of the Dungeon.
             The game lasted 00:01:32 (109 turns).

Esekla the Ducker (Ghoul Gladiator)                  Turns: 109, Time: 00:01:33

Health: 0/25       AC:  4    Str: 17    XL:     2   Next: 37%
Magic:  1/1        EV:  9    Int:  3    God:
Gold:   25         SH:  0    Dex: 10    Spells: 1/1 levels left

rFire    . . .     SeeInvis .   a - +0 war axe
rCold    + . .     Gourm    .   (no shield)
rNeg     + + +     Faith    .   b - +0 leather armour
rPois    ∞         Spirit   .   c - +0 helmet
rElec    .         Reflect  .   (no cloak)
rCorr    .         Harm     .   (no gloves)
MR       .....                  (no boots)
Stlth    +.........             (no amulet)
HPRegen  0.00/turn              (no ring)
MPRegen  0.07/turn              (no ring)

@: rotting, constricted
A: rotting body, claws 1, carnivore, cold resistance 1, negative energy
resistance 3, inhibited regeneration, torment resistance, unbreathing
a: no special abilities


You were on level 2 of the Dungeon.
You were not hungry.

You visited 1 branch of the dungeon, and saw 2 of its levels.

You collected 25 gold pieces.

Inventory:

Hand Weapons
 a - a +0 war axe (weapon)
Missiles
 d - 3 throwing nets
 e - 10 poisoned darts (quivered)
Armour
 b - a +0 leather armour (worn)
 c - a +0 helmet (worn)
Scrolls
 g - a scroll of remove curse {unknown}
Potions
 h - a potion of resistance {unknown}
 i - a potion of ambrosia {unknown}
Comestibles
 f - a ration


   Skills:
 * Level 2.4 Fighting
 + Level 2.8 Axes
 + Level 1.8 Throwing
 + Level 3.0 Dodging


You had one spell level left.
You didn't know any spells.
Your spell library was empty.

Dungeon Overview and Level Annotations

Branches:
Dungeon (2/15)

Altars:


Innate Abilities, Weirdness & Mutations

Your body is rotting away.
You thrive on raw meat.
You are immune to poison.
You have sharp fingernails.
You are carnivorous and can eat meat at any time.
Your flesh is cold resistant. (rC+)
You are immune to negative energy. (rN+++)
You do not regenerate when monsters are visible.
You are immune to unholy pain and torment.
You can survive without breathing.


Message History

A hobgoblin comes into view.
The hobgoblin shouts!
i - a sedimented grey potion
There are no items here.
A ball python comes into view.
The ball python hisses angrily.
Found a black potion.
Found 16 arrows.
There is a stone staircase leading down here.
The ball python closely misses you. The ball python barely misses you.
You climb downwards. 2 goblins come into view.
The goblin shouts! x2
Found a pearl ring and a scroll labeled VIOSTI KIMAIRPHI.
There is a stone staircase leading up here.
You closely miss the ball python. The ball python barely misses you.
The ball python misses you. The ball python bites you.
* * * LOW HITPOINT WARNING * * *
The ball python grabs you.
You die...

#. #.#
##..#####
........#
....=g..#
...g....#
......S.#
.......@#
........#
........#
.....##..
..... ...
...? ....
... ....
...
......


You could see 2 goblins and a ball python.

Vanquished Creatures
  An ooze (D:1)
  A bat (D:1)
  2 goblins (D:1)
  A hobgoblin (D:1)
  2 kobolds (D:1)
  A rat (D:1)
8 creatures vanquished.

Notes
Turn   | Place    | Note
-------+----------+-------------------------------------------
     0 | D:1      | Esekla the Ghoul Gladiator began the quest for the Orb.
     0 | D:1      | Reached XP level 1. HP: 17/17 MP: 0/0
    60 | D:1      | Reached XP level 2. HP: 5/25 MP: 1/1
    66 | D:1      | HP: 1/25 [goblin/+0 club (1)]
    67 | D:1      | Reached skill level 3 in Dodging
   109 | D:2      | HP: 1/25 [ball python (2)]
   109 | D:2      | Slain by a ball python

Levels and vault maps discovered:
D:1:      dpeg_arrival_chambers_temple_mockup, layout_rooms
D:2:      layout_rooms, lemuel_old_faithful

Skill      XL: |  1  2 |
---------------+-------+-----
Dodging        | 3 |  3.0
Fighting       | |  2.4
Axes           | |  2.8
Throwing       | |  1.8

Action                   || total
-------------------------++-------
Melee: War axe           ||    20
Armor: Leather armour    ||     5
Dodge: Dodged            ||    15

Table legend:
 A = Non-vault XP
 B = Vault XP
 C = Vault XP percentage of total XP
 D = Non-vault monster count
 E = Vault monster count
 F = Vault count percentage of total count
                 A         B        C        D         E       F
            +---------+---------+-------+---------+---------+-------
      Total |      19 |       0 |   0.0 |       8 |       0 |   0.0
            +---------+---------+-------+---------+---------+-------
        D:1 |      19 |       0 |   0.0 |       8 |       0 |   0.0
            +---------+---------+-------+---------+---------+-------
